Map: Kairos Junction LE

Players

goblin - Winner!

  • Race: Protoss Protoss
  • Spawn Location: 11:00

Probe

  • Race: Protoss Protoss
  • Spawn Location: 5:00

Event: 2019 WCS Spring

VOD

Have the link to the VOD?

Description

Time

  • Played on: May 17, 2019, 1:25 p.m.
  • Length: 6:43

All games in this series

Show
View Real Time Build Order
Export as new Build Order

goblin Protoss - Winner!

Build Orders:  

Get SALT Encoding   

  12  0:00  Probe  
  13  0:12  Probe  
  14  0:17  Pylon  
  14  0:24  Probe  
  15  0:32  Probe  
  15  0:37  Gateway  
  15  0:40  Probe  
  16  0:46  Assimilator  
  17  0:51  Probe  
  17  0:55  Assimilator  
  18  0:59  Probe  
  19  1:07  Probe  
  19  1:10  Gateway  
  19  1:17  Probe  
  20  1:25  Cybernetics Core  
  21  1:30  Probe  
  22  1:39  Pylon  
  22  1:42  Probe  
  23  1:50  Pylon  
  23  2:01  Adept x2  
  27  2:02  Warp Gate  
  27  2:12  Robotics Facility  
  27  2:32  Stalker x2  
  31  2:42  Shield Battery  
  31  2:50  Immortal  
  35  3:08  Stalker  
  39  3:20  Warp Prism  
  39  3:21  Pylon  
  39  3:51  Stalker  
  39  3:52  Stalker  
  39  3:55  Pylon  
  43  3:56  Observer  
  44  4:15  Adept  
  44  4:16  Adept  
  48  4:32  Nexus  
  46  4:49  Warp Prism  
  46  4:50  Stalker x2  
  50  5:05  Probe  
  45  5:14  Adept x2  
  45  5:18  Immortal  
  41  5:45  Probe  
  41  5:48  Probe  
  41  5:53  Probe  
  37  6:00  Probe  
  37  6:02  Adept x2  
  37  6:03  Immortal  
  43  6:12  Probe  
  44  6:25  Probe x2  
  46  6:30  Sentry x2  
  50  6:36  Gateway x2  
Show
View Real Time Build Order
Export as new Build Order

Probe Protoss 

Build Orders: Phoenix Opening, Blink Stalkers 

Get SALT Encoding   

  12  0:00  Probe  
  13  0:12  Probe  
  14  0:17  Pylon  
  14  0:24  Probe  
  15  0:32  Probe  
  15  0:37  Gateway  
  15  0:40  Probe  
  16  0:47  Assimilator  
  17  0:51  Probe  
  18  0:57  Assimilator  
  18  1:00  Probe  
  19  1:08  Probe, Gateway  
  19  1:17  Probe  
  21  1:26  Cybernetics Core  
  21  1:29  Probe  
  22  1:34  Pylon  
  22  1:41  Probe  
  23  1:53  Probe  
  24  2:03  Stalker, Warp Gate  
  24  2:04  Sentry  
  24  2:06  Probe  
  29  2:09  Pylon  
  29  2:18  Probe  
  29  2:20  Pylon  
  30  2:30  Probe  
  30  2:32  Stalker  
  30  2:34  Stalker  
  35  2:44  Twilight Council  
  35  2:49  Probe  
  35  2:50  Phoenix  
  36  3:00  Shield Battery  
  36  3:01  Blink  
  36  3:16  Nexus  
  35  3:29  Pylon  
  35  3:35  Probe  
  36  3:48  Shield Battery  
  36  3:51  Stalker  
  36  3:52  Stalker  
  40  3:58  Shield Battery  
  40  4:04  Gateway  
  40  4:11  Shield Battery  
  40  4:16  Stalker, Sentry  
  42  4:22  Robotics Facility  
  42  4:34  Gateway  
  42  4:39  Shield Battery  
  42  4:41  Stalker  
  37  5:01  Stalker  
  36  5:12  Probe  
  31  5:15  Stalker  
  31  5:24  Probe  
  31  5:27  Stalker x2  
  24  5:51  Stalker  
  24  5:52  Probe  
  25  6:01  Probe  
  25  6:08  Pylon  
  25  6:09  Probe  
  25  6:24  Probe  
  24  6:40  Stalker  
Tags
 
Add a new tag
Caveats
  • Supply blocks, unpowered buildings, or Contaminate may cause inaccurate times.
  • Supply counts are checked every 10 seconds.